 Dungeon Crawl Stone Soup version 0.32-a0-361-g289a535e89 (webtiles) character file.

Game seed: 18161411447814105991

119 Sobieck the Slasher (level 5, 0/41 HPs)
             Began as a Coglin Gladiator on Feb 18, 2024.
             Slain by Grinder (2 damage)
             ... on level 3 of the Dungeon.
             The game lasted 00:03:10 (1852 turns).

Sobieck the Slasher (Coglin Gladiator)              Turns: 1852, Time: 00:03:11

Health: 0/41       AC:  4    Str: 14    XL:     5   Next: 3%
Magic:  5/5        EV: 13    Int:  8    God:
Gold:   74         SH:  0    Dex: 17    Spells: 4/4 levels left

rFire   . . .        a - +0 long sword {Surin}
rCold   . . .        e - +0 dagger {Vicente}
rNeg    . . .        b - +0 leather armour
rPois   .            c - +0 helmet
rElec   .            (no cloak)
rCorr   .            (no gloves)
SInv    .            (no boots)
Will    .....        (no amulet)
Stlth   +            (no ring)
HPRegen 0.26/turn    (no ring)
MPRegen 0.09/turn

%: no passive effects
@: revving, stiff-legged, very slow
A: off-hand wielding, slow wielding, warmup strikes, warmup strides
a: no special abilities


You were on level 3 of the Dungeon.
You visited 1 branch of the dungeon, and saw 3 of its levels.

You collected 74 gold pieces.

Inventory:

Hand Weapons
 a - a +0 long sword (weapon) {Surin}
 e - a +0 dagger (worn) {Vicente}
Missiles
 j - a stone
 k - 11 poisoned darts
 t - 2 boomerangs
 v - a javelin (quivered)
 Z - 5 throwing nets
Armour
 b - a +0 leather armour (worn)
 c - a +0 helmet (worn)
Scrolls
 d - 3 scrolls of teleportation {unknown}
 f - 2 scrolls of identify {unknown}
 h - 2 scrolls of summoning {unknown}
 i - 2 scrolls of fog {unknown}
 l - a scroll of vulnerability {unknown}
 o - a scroll of revelation {unknown}
Potions
 g - a potion of mutation {unknown}
 m - 2 potions of heal wounds {unknown}
 n - a potion of lignification {unknown}
 p - a potion of brilliance {unknown}


   Skills:
 + Level 3.0 Fighting
 * Level 4.4 Long Blades
 - Level 1.7 Throwing
 + Level 3.4 Dodging


You had 4 spell levels left.
You didn't know any spells.
Your spell library contained the following spells:

 Spells                   Type           Power      Damage    Failure   Level
 Dazzling Flash           Conj/Hex       0%         N/A       86%         3
 Mephitic Cloud           Conj/Alch/Air  0%         N/A       86%         3
 Stone Arrow              Conj/Erth      0%         3d7       86%         3
 Animate Armour           Summ/Erth      0%         N/A       99%         4
 Curse of Agony           Necr           0%         N/A       100%        5
 Silence                  Hex/Air        0%         N/A       100%        5
 Lehudib's Crystal Spear  Conj/Erth      0%         10d2      100%        8


Dungeon Overview and Level Annotations

Branches:
Dungeon (3/15)

Altars:

Annotations:
D:2 Sigmund
D:3 1 runed translucent door, Grinder; SaltyWalty's ghost, amateur CoGl


Innate Abilities, Weirdness & Mutations

You can wield a second weapon in your off-hand.
It takes a long time for you to wield or remove held weapons.
Your first few attacks do less damage.
Your first movements take longer.


Message History

Grinder is heavily wounded.
You hit Grinder with your +0 long sword.
Grinder zaps a wand.
The puff of flame misses you.
You hit Grinder with your +0 long sword.
Grinder is severely wounded.
You hit Grinder with your +0 dagger. Grinder gestures at you.
You resist with significant effort.
You closely miss Grinder with your +0 dagger.
Grinder is severely wounded.
You barely miss Grinder with your +0 long sword.
Grinder gestures at you.
You suddenly lose the ability to move!
Grinder blinks!
You can move again.
Grinder blinks! x2
Unknown command.
Unknown command.
Grinder gestures at you. Pain shoots through your body!
* * * LOW HITPOINT WARNING * * *
Unknown command.
Unknown command.
Grinder blinks!
Unknown command.
Grinder gestures at you.
You suddenly lose the ability to move!
SaltyWalty's ghost whispers, "Trust me.
Just give in."
Grinder gestures at you.
You shrug off the repeated paralysis!
You can move again.
Unknown command.
Grinder zaps a wand.
The puff of flame hits you.
* * * LOW HITPOINT WARNING * * *
Grinder gestures at you. Pain shoots through your body!
* * * LOW HITPOINT WARNING * * *
Unknown command.
Unknown command.
Grinder zaps a wand.
The puff of flame hits you!
* * * LOW HITPOINT WARNING * * *
Unknown command.
Unknown command.
You hit Grinder with your +0 dagger.
Grinder is severely wounded.
You barely miss Grinder with your +0 long sword.
Grinder says, "Wait up."
Grinder hits you.
You die...
Grinder sighs, "Dead already?
I want a refund."

#...###.....# #.# #.#...
#...##⌠##...## #.#####.#.##
#...##...##...# #.........<.
....##.....##..#########.#.##
...h#⌠.!♣?.⌠#....# #.#.#
....##....W##.÷#.# ###.####
...##...##...#.#####.......
....##.##..............>...
#...#+#..@.#####.##.######
#......5...†<...##.#
#.........#####.##.#
#.#.....### #......# #.#####
#.#.#### ... #.#...# ....
#.###.# #.### #.....# .
#######


You could see Grinder and SaltyWalty's ghost.

Vanquished Creatures
  2 adders
  A gnoll (D:1)
  3 ribbon worms (D:2)
  6 ball pythons
  6 endoplasms
  3 giant cockroaches
  3 hobgoblins
  5 jackals
  A quokka (D:2)
  A bat (D:3)
  5 frilled lizards
  4 goblins
  5 kobolds
  3 rats
  A spectral goblin (D:1)
49 creatures vanquished.

Notes
Turn   | Place    | Note
-------+----------+-------------------------------------------
     0 | D:1      | Sobieck the Coglin Gladiator began the quest for the Orb.
     0 | D:1      | Reached XP level 1. HP: 16/16 MP: 1/1
   187 | D:1      | Reached XP level 2. HP: 22/22 MP: 2/2
   191 | D:1      | Found a faded altar of an unknown god.
   317 | D:1      | Reached skill level 3 in Dodging
   345 | D:1      | Reached XP level 3. HP: 28/28 MP: 3/3
   856 | D:2      | Noticed Sigmund
   998 | D:2      | Reached skill level 4 in Long Blades
   998 | D:2      | Reached XP level 4. HP: 34/34 MP: 4/4
  1603 | D:3      | Found a runed translucent door.
  1603 | D:3      | Noticed SaltyWalty's ghost (amateur CoGl)
  1670 | D:3      | Noticed Ijyb
  1813 | D:3      | Noticed Grinder
  1825 | D:3      | Reached skill level 3 in Fighting
  1825 | D:3      | Reached XP level 5. HP: 41/41 MP: 5/5
  1840 | D:3      | Paralysed by Grinder for 4 turns
  1847 | D:3      | Paralysed by Grinder for 3 turns
  1851 | D:3      | HP: 1/41 [Grinder/puff of flame (9)]
  1852 | D:3      | Slain by Grinder

Illustrated notes

Levels and vault maps discovered:
D:1:      amcnicky_arrival_single_pillar, layout_loops_ring,
          dreamdust_ecumenical_altar_drowned_temple, minmay_pentomino_u2
D:2:      layout_loops_ring, uniq_sigmund
D:3:      layout_basic, vehumet_altar_wand_db, hellmonk_ghost_happy_afterlife,
          uniq_ijyb, uniq_terence, uniq_grinder

Skill      XL: |  1  2  3  4 |
---------------+-------------+-----
Dodging        | 3 |  3.4
Long Blades    | 4 |  4.4
Fighting       | 3 |  3.0
Throwing       | |  1.7

Action                     |  1- 3 |  4- 6 || total
---------------------------+-------+-------++-------
  Melee: Long sword        |    62 |    65 ||   127
         Dagger            |    46 |    55 ||   101
   Stab: Sleeping          |     2 |       ||     2
 Armour: Leather armour    |    32 |    26 ||    58
  Dodge: Dodged            |    33 |    43 ||    76

Table legend: (Time is in decaauts)
 A = Elapsed time spent in this place.
 B = Non-inter-level travel time spent in this place.
 C = Inter-level travel time spent in this place.
 D = Time resting spent in this place.
 E = Time spent auto-exploring this place.
 F = Levels seen in this place.
 G = Mean time per level.
                   A        B        C        D        E       F      G
               +--------+--------+--------+--------+--------+-----+--------+
         Total |   1942 |   1796 |    146 |      0 |   1387 |   3 |  647.3 |
       Dungeon |   1942 |   1796 |    146 |      0 |   1387 |   3 |  647.3 |
               +--------+--------+--------+--------+--------+-----+--------+

Top non-repeatable levels by time:
     D:1: 874 daAuts
     D:2: 808 daAuts
     D:3: 259 daAuts
